 Dungeon Crawl Stone Soup version 0.23-a0-494-g91793a9 (webtiles) character file.

116 MalarOregon the Poker (level 5, -2/41 HPs)
             Began as a Merfolk Gladiator on Dec 3, 2018.
             Killed from afar by a white imp (10 damage)
             ... with a puff of frost
             ... summoned by Natasha
             ... on level 3 of the Dungeon.
             The game lasted 00:02:53 (1802 turns).

MalarOregon the Poker (Merfolk Gladiator)           Turns: 1802, Time: 00:02:54

Health: -2/41      AC:  4    Str: 14    XL:     5   Next: 1%
Magic:  5/5        EV: 14    Int:  9    God:
Gold:   216        SH:  0    Dex: 15    Spells: 4/4 levels left

rFire    . . .     SeeInvis .   a - +0 trident
rCold    . . .     Gourm    .   (no shield)
rNeg     . . .     Faith    .   b - +0 leather armour
rPois    .         Spirit   .   c - +0 helmet
rElec    .         Reflect  .   (no cloak)
rCorr    .         Harm     .   (no gloves)
MR       .....                  (no boots)
Stlth    +.........             (no amulet)
HPRegen  0.13/turn              (no ring)
MPRegen  0.09/turn              (no ring)

@: slowed, very slow
A: change form in water, swift swim, stealthy swim
a: no special abilities


You were on level 3 of the Dungeon.
You were not hungry.

You visited 1 branch of the dungeon, and saw 3 of its levels.

You collected 216 gold pieces.

Inventory:

Hand Weapons
 a - a +0 trident (weapon)
Missiles
 d - 3 throwing nets (quivered) {!f}
Armour
 b - a +0 leather armour (worn)
 c - a +0 helmet (worn)
Jewellery
 q - an uncursed ring of resist corrosion {unknown}
   (You found it on level 2 of the Dungeon)
Scrolls
 l - a scroll of teleportation {@r4}
 m - a scroll of identify {unknown}
 n - 2 scrolls of enchant weapon {unknown}
 r - a scroll of immolation {unknown}
 t - 2 scrolls of remove curse {unknown}
Potions
 f - a potion of might {unknown}
 g - a potion of heal wounds {unknown}
 h - a potion of invisibility {unknown}
 i - a potion of brilliance {unknown}
 j - a potion of magic {unknown}
 k - a potion of ambrosia {unknown}
 o - a potion of curing {unknown}
 p - a potion of haste {unknown}
 s - a potion of degeneration {unknown}
Comestibles
 e - 2 rations {!d}
 u - 3 chunks of flesh


   Skills:
 * Level 3.3 Fighting
 * Level 5.5 Polearms
 + Level 2.4 Throwing
 + Level 0.5 Armour
 * Level 5.1 Dodging


You had 4 spell levels left.
You didn't know any spells.
Your spell library contained the following spells:

 Spells                   Type           Power        Failure   Level  Hunger
 Irradiate                Conj/Tmut      #.........   100%        5    ######.
 Hydra Form               Tmut           #.........   100%        6    #######
 Statue Form              Tmut/Erth      #........    100%        6    #######
 Dragon Form              Tmut           #.........   100%        7    #######


Dungeon Overview and Level Annotations

Branches:
Dungeon (3/15)

Altars:
Elyvilon
Makhleb

Annotations:
D:3 Natasha


Message History

a cursed -3 dagger; a +0 leather armour; an adder skeleton
Things that are here:
a cursed -3 dagger; a +0 leather armour; an adder skeleton
Found a stone staircase leading down.
Natasha, Servant of Life and Death comes into view.
A rat comes into view.
Attack whom?
Aim: a rat You reach to attack!
You hit the rat.
You kill the rat!
Attack whom?
Aim: Natasha You reach to attack!
You closely miss Natasha. You hit Natasha.
Natasha stares at you and mumbles some strange words.
The magic dart hits you!
You puncture Natasha! Natasha closely misses you.
You completely miss Natasha. Natasha closely misses you.
You closely miss Natasha. Natasha claws you.
You barely miss Natasha. Natasha claws you!
You barely miss Natasha.
Natasha stares at you and mumbles some strange words.
You feel yourself slow down.
You closely miss Natasha.
Natasha mumbles some strange words.
Natasha barely misses you.
You barely miss Natasha. Natasha barely misses you. The crimson imp hits you.
You closely miss Natasha. Natasha barely misses you.
The crimson imp completely misses you. Natasha claws you.
* * * LOW HITPOINT WARNING * * *
The crimson imp hits you but does no damage.
You hit Natasha. Natasha completely misses you.
The crimson imp blinks!
You hit Natasha. Natasha claws you.
* * * LOW HITPOINT WARNING * * *
Natasha mumbles some strange words.
You hit Natasha but do no damage.
Natasha mumbles some strange words.
The white imp hits you but does no damage.
You barely miss Natasha.
Natasha wildly gestures.
You feel troubled. Natasha closely misses you. The white imp barely misses you.
Natasha casts a spell at you. The magic dart hits you!
* * * LOW HITPOINT WARNING * * *
The white imp barely misses you.
You barely miss Natasha. Natasha misses you. The white imp gestures at you.
The puff of frost hits you!
You die...

... ... ### ...
#.# #'# ...
########.# #5#
#.....##.# #5#
###.###.##.## #h#
#...........##
#@###.#.###......#
#.5.......#.#...##
#####.#.#.#.#..###
#.#.#.........
#.......>..###
##########.# #.#
#.# #.#


You could see Natasha, a crimson imp and 2 white imps.

Vanquished Creatures
  3 gnolls (D:3)
  2 adders
  2 worms (D:2)
  3 dart slugs
  2 orcs (D:3)
  6 bats
  2 giant cockroaches
  5 goblins
  9 hobgoblins
  7 jackals (D:1)
  3 frilled lizards
  4 kobolds (D:1)
  7 rats
55 creatures vanquished.

Notes
Turn   | Place    | Note
-------+----------+-------------------------------------------
     0 | D:1      | MalarOregon the Merfolk Gladiator began the quest for the
                  | Orb.
     0 | D:1      | Reached XP level 1. HP: 16/16 MP: 1/1
   160 | D:1      | Reached XP level 2. HP: 23/23 MP: 2/2
   363 | D:1      | Reached XP level 3. HP: 27/28 MP: 3/3
   509 | D:1      | Reached skill level 5 in Polearms
   964 | D:2      | Found a burning altar of Makhleb.
   998 | D:2      | Found a white marble altar of Elyvilon.
  1011 | D:2      | Reached XP level 4. HP: 32/35 MP: 4/4
  1480 | D:3      | Reached skill level 5 in Dodging
  1742 | D:3      | Reached XP level 5. HP: 39/41 MP: 5/5
  1785 | D:3      | Noticed Natasha
  1802 | D:3      | Killed from afar by a white imp

Vault maps used:
D:1:      matt_arrival_spirals
D:2:      overflow_temple_1_default, elyvilon_altar_4, nrook_campfire
D:3:      lemuel_coloured_pillars_altar, first_ration, uniq_natasha

Skill      XL: |  1  2  3  4 |
---------------+-------------+-----
Polearms       | 5 |  5.5
Fighting       | 3 |  3.3
Dodging        | 5 |  5.1
Throwing       | |  2.4
Armour         | |  0.5

Action                   |  1- 3 |  4- 6 || total
-------------------------+-------+-------++-------
Melee: Trident           |   120 |    87 ||   207
  Use: Scroll            |     1 |       ||     1
 Stab: Sleeping          |     2 |     1 ||     3
  Eat: Chunk             |       |     3 ||     3
Armor: Leather armour    |    14 |     8 ||    22
Dodge: Dodged            |    84 |    39 ||   123

Table legend:
 A = Non-vault XP
 B = Vault XP
 C = Vault XP percentage of total XP
 D = Non-vault monster count
 E = Vault monster count
 F = Vault count percentage of total count
                 A         B        C        D         E       F
            +---------+---------+-------+---------+---------+-------
      Total |     167 |       0 |   0.0 |      55 |       0 |   0.0
            +---------+---------+-------+---------+---------+-------
        D:1 |      51 |       0 |   0.0 |      29 |       0 |   0.0
        D:2 |      45 |       0 |   0.0 |      15 |       0 |   0.0
        D:3 |      71 |       0 |   0.0 |      11 |       0 |   0.0
            +---------+---------+-------+---------+---------+-------
